Map: Tourmaline LE

Players

Geralt (Gerald)

  • Race: Protoss Protoss
  • League: Grandmaster
  • Spawn Location: 1:00

Kelazhur - Winner!

  • Race: Terran Terran
  • League: Master
  • Spawn Location: 7:00

VOD

Have the link to the VOD?

Description

Time

  • Played on: Jan. 30, 2026, 10:04 a.m.
  • Length: 16:20
Show
View Real Time Build Order
Export as new Build Order

Geralt Protoss 

Build Orders: 1 Gate Expand, Blink Stalkers 

Get SALT Encoding   

  12  0:00  Probe  
  13  0:12  Probe  
  14  0:17  Pylon  
  14  0:23  Probe  
  15  0:31  Probe  
  16  0:37  Gateway  
  16  0:39  Probe  
  16  0:45  Assimilator  
  17  0:51  Probe  
  18  1:03  Probe  
  19  1:15  Probe  
  20  1:25  Cybernetics Core  
  20  1:27  Probe  
  21  1:33  Nexus  
  21  1:41  Pylon  
  21  1:46  Assimilator  
  21  1:48  Probe  
  21  1:51  Stalker  
  22  2:00  Probe  
  23  2:05  Warp Gate  
  25  2:11  Adept  
  25  2:12  Probe  
  27  2:24  Probe  
  28  2:30  Shield Battery  
  28  2:31  Twilight Council  
  28  2:37  Probe, Stalker  
  31  2:45  Probe  
  31  2:49  Probe  
  33  2:52  Blink  
  33  2:58  Probe  
  34  3:01  Probe  
  33  3:18  Probe  
  33  3:19  Probe  
  35  3:30  Probe  
  35  3:31  Probe  
  35  3:38  Gateway  
  35  3:40  Gateway  
  35  3:42  Probe  
  35  3:44  Probe  
  35  3:48  Nexus  
  37  3:54  Probe  
  37  3:55  Sentry  
  40  3:56  Probe  
  40  3:59  Shield Battery  
  41  4:06  Probe  
  41  4:07  Pylon  
  41  4:08  Probe  
  43  4:12  Assimilator  
  43  4:18  Probe  
  43  4:20  Probe  
  45  4:27  Robotics Facility  
  45  4:30  Pylon, Stalker, Probe  
  48  4:34  Stalker  
  48  4:36  Stalker  
  52  4:41  Probe  
  53  4:48  Probe  
  53  4:50  Charge  
  54  4:53  Probe  
  54  4:54  Gateway  
  55  5:00  Pylon  
  55  5:01  Stalker x2  
  59  5:09  Probe  
  59  5:10  Probe  
  59  5:12  Probe, Observer  
  59  5:14  Shield Battery  
  62  5:16  Pylon  
  62  5:18  Stalker  
  65  5:21  Probe  
  65  5:22  Probe  
  65  5:26  Observer  
  67  5:29  Probe  
  67  5:30  Gateway  
  67  5:34  Probe  
  70  5:37  Gateway  
  70  5:39  Pylon, Templar Archives  
  70  5:41  Probe  
  71  5:47  Probe  
  72  5:52  Probe  
  72  5:55  Probe, Zealot x4  
  82  5:59  Probe  
  82  6:00  Pylon  
  82  6:04  Probe  
  82  6:16  Probe  
  76  6:19  Probe  
  76  6:20  Probe  
  76  6:25  Probe  
  77  6:27  High Templar, Psionic Storm  
  77  6:28  High Templar, Zealot x3  
  77  6:32  Probe x2  
  89  6:33  Probe  
  90  6:43  Probe  
  90  6:44  Probe x2, Zealot  
  95  6:50  Forge  
  95  6:53  Gateway  
  95  6:55  Gateway  
  95  7:00  Zealot x5  
  105  7:03  Pylon  
  105  7:05  Probe  
  107  7:08  Probe  
  107  7:12  Probe  
  107  7:14  Protoss Ground Armor Level 1  
  108  7:17  Pylon  
  108  7:19  Pylon  
  108  7:21  Nexus  
  108  7:22  High Templar x2  
  112  7:27  Zealot x2  
  116  7:32  Pylon  
  116  7:34  Probe  
  116  7:35  Probe  
  118  7:38  Zealot  
  118  7:39  Zealot  
  122  7:45  Warp Prism, Probe  
  122  7:46  Probe  
  125  7:56  Zealot  
  125  7:57  Zealot x3  
  131  8:10  Probe  
  131  8:12  Probe, Pylon  
  131  8:15  Zealot x4  
  131  8:16  Nexus  
  131  8:17  Probe  
  131  8:18  Pylon  
  140  8:22  Probe  
  140  8:25  Pylon  
  139  8:27  Pylon  
  139  8:28  Probe  
  139  8:32  Probe  
  140  8:36  Forge  
  140  8:40  High Templar x3  
  140  8:41  Zealot x5  
  155  8:49  Probe  
  155  8:51  Probe x2  
  155  8:54  Photon Cannon  
  158  8:56  Shield Battery  
  158  8:58  Pylon  
  158  9:01  Protoss Ground Weapons Level 1, Probe  
  159  9:03  Probe  
  159  9:07  Stalker  
  159  9:09  Probe  
  156  9:25  High Templar, Zealot x6  
  139  9:48  Probe  
  139  9:49  Probe x2  
  140  9:55  Stalker x2  
  140  9:56  Stalker x5  
  140  9:59  Pylon  
  154  10:02  Pylon  
  154  10:05  Probe  
  147  10:08  Gateway x2  
  129  10:14  Gateway  
  129  10:17  Pylon, Archon  
  129  10:19  Warp Prism  
  107  10:21  High Templar, Zealot x2  
  107  10:22  Zealot x5  
  107  10:24  Protoss Ground Armor Level 2  
  107  10:27  Nexus  
  105  10:29  Pylon  
  105  10:30  Probe  
  105  10:32  Probe  
  105  10:34  Probe  
  104  10:43  Probe x2  
  104  10:45  Protoss Ground Weapons Level 2  
  104  10:47  Zealot x4  
  104  10:48  Zealot x3  
  120  10:50  Probe x2  
  122  11:08  Zealot x10  
  140  11:18  Probe  
  139  11:19  High Templar  
  139  11:23  Photon Cannon, Probe  
  139  11:24  Shield Battery  
  139  11:25  Probe  
  143  11:27  Assimilator x2  
  143  11:30  Pylon  
  143  11:32  Zealot x7  
  157  11:40  Zealot x3  
  157  11:41  Immortal  
  163  11:48  Probe x2  
  163  11:50  Probe  
  163  11:52  Assimilator x2  
  162  12:01  High Templar, Zealot x6  
  164  12:02  Zealot x3  
  170  12:16  Immortal  
  174  12:23  Zealot x10  
  174  12:29  Gateway  
  194  12:30  Gateway  
  190  12:51  Stalker x6  
  168  13:06  Protoss Ground Weapons Level 3  
  168  13:12  Warp Prism  
  162  13:13  High Templar  
  162  13:14  Zealot x10  
  162  13:17  Protoss Ground Armor Level 3  
  182  13:26  Robotics Bay  
  180  13:30  Robotics Facility  
  180  13:31  Zealot x2, Robotics Facility  
  184  13:37  Zealot  
  184  13:38  Zealot x9  
  130  13:48  Zealot  
  104  13:57  High Templar, Zealot  
  104  14:00  Stalker x2  
  104  14:01  Stalker x5, Zealot x3  
  103  14:11  Zealot  
  103  14:18  Nexus  
  103  14:20  Zealot  
  91  14:28  Zealot  
  91  14:29  Zealot x7  
  93  14:32  High Templar  
  93  14:33  High Templar x2  
  75  14:47  Zealot x2  
  75  14:50  High Templar, Stalker x2  
  75  14:51  Stalker  
  72  15:01  Zealot x2  
  72  15:02  Zealot  
Show
View Real Time Build Order
Export as new Build Order

Kelazhur Terran - Winner!

Build Orders:  

Get SALT Encoding   

  12  0:00  SCV  
  13  0:12  SCV  
  14  0:16  Supply Depot  
  14  0:24  SCV  
  15  0:38  SCV  
  15  0:40  Barracks  
  15  0:42  Refinery  
  16  0:50  SCV  
  17  1:02  SCV  
  18  1:14  SCV  
  19  1:26  Orbital Command  
  19  1:35  Command Center  
  19  1:37  Marine  
  20  1:49  Supply Depot  
  20  1:52  SCV  
  21  1:55  Barracks Reactor  
  21  2:03  Factory  
  21  2:05  SCV  
  22  2:17  SCV  
  23  2:23  Bunker  
  23  2:24  Refinery  
  23  2:29  SCV  
  24  2:31  Marine x2  
  26  2:41  SCV  
  27  2:47  Hellion  
  27  2:48  Starport  
  29  2:55  Orbital Command  
  29  2:56  SCV  
  29  3:07  Hyperflight Rotors  
  29  3:09  Marine x2  
  29  3:11  SCV  
  30  3:12  Orbital Command  
  30  3:19  Factory Tech Lab  
  30  3:23  SCV  
  30  3:27  Marine x2  
  30  3:37  SCV, Barracks  
  30  3:40  Barracks  
  31  3:42  SCV  
  31  3:43  Banshee  
  35  3:50  Factory Tech Lab  
  35  3:54  SCV  
  35  3:55  SCV  
  37  3:58  Marine  
  37  3:59  Marine  
  39  4:06  SCV  
  39  4:07  SCV  
  39  4:08  Supply Depot  
  41  4:12  Siege Tank  
  44  4:18  Supply Depot, SCV  
  44  4:19  SCV  
  46  4:30  Marine x2, Banshee  
  51  4:31  SCV  
  51  4:35  Marine x2  
  54  4:40  SCV  
  54  4:43  Refinery  
  54  4:44  Supply Depot  
  55  4:47  SCV  
  55  4:51  Engineering Bay  
  55  4:52  SCV  
  57  4:55  Marine x3  
  57  4:59  Stimpack, SCV  
  61  5:00  Factory Reactor  
  61  5:08  Marauder, SCV  
  61  5:12  SCV  
  65  5:15  Marine  
  65  5:16  Marine  
  65  5:20  SCV  
  68  5:21  Terran Infantry Weapons Level 1  
  68  5:23  Refinery  
  68  5:24  SCV, Supply Depot  
  68  5:25  Supply Depot  
  68  5:26  Starport Reactor  
  69  5:32  SCV  
  70  5:40  Combat Shield  
  70  5:46  Marine x3, SCV x2, Marauder  
  77  5:56  Widow Mine x2  
  81  5:57  Supply Depot  
  81  5:58  SCV x2  
  81  6:00  Supply Depot  
  81  6:03  Medivac  
  85  6:06  Marine  
  85  6:10  Supply Depot  
  86  6:19  Marine, Medivac, SCV, Marauder x2  
  86  6:22  SCV, Widow Mine x2  
  86  6:24  Supply Depot  
  99  6:29  Marine  
  100  6:34  Command Center  
  100  6:41  Barracks  
  100  6:43  Barracks  
  100  6:44  Marine, Marauder  
  100  6:45  Concussive Shells  
  103  6:51  Medivac x2  
  103  6:53  Marine  
  108  6:58  SCV x2  
  110  7:05  Widow Mine x2  
  114  7:10  Marauder  
  114  7:11  Marauder  
  118  7:15  Terran Infantry Armor Level 1  
  118  7:18  Supply Depot  
  118  7:27  Supply Depot  
  118  7:29  Supply Depot  
  118  7:31  Marine x2, Medivac x2, SCV x2  
  118  7:32  Barracks Tech Lab, Armory  
  126  7:42  Marauder x2  
  132  7:51  Barracks Reactor, Marauder  
  132  7:52  Orbital Command, Ghost Academy  
  130  7:58  Marine x2  
  130  8:02  SCV  
  130  8:03  Marauder  
  130  8:05  Medivac  
  137  8:06  Widow Mine  
  139  8:13  SCV  
  139  8:14  SCV  
  139  8:17  Supply Depot  
  139  8:18  Marauder x2  
  143  8:22  Marine  
  143  8:27  Orbital Command  
  144  8:39  Ghost x3  
  150  8:50  SCV x2  
  152  8:57  Marine x3  
  152  8:59  Missile Turret  
  152  9:02  SCV  
  154  9:04  Marine  
  154  9:08  Marine x2, Marauder  
  154  9:09  Terran Infantry Weapons Level 2  
  156  9:11  Widow Mine x2  
  156  9:13  Orbital Command  
  156  9:15  Marine x3  
  163  9:22  Marine  
  160  9:26  Marine, Marauder  
  146  9:33  Marine x3  
  146  9:34  Marauder  
  119  9:45  Marine  
  119  9:46  Marauder  
  119  9:47  Marine  
  119  9:51  Marine x2  
  122  9:58  Marine, Marauder  
  123  10:03  Marine  
  123  10:05  Marauder  
  123  10:06  Widow Mine x2  
  126  10:07  Marine  
  126  10:09  Marine  
  126  10:14  Marine  
  126  10:20  Marauder  
  120  10:25  Marauder  
  120  10:26  Marine x2  
  120  10:27  Marine, Marauder  
  117  10:29  SCV x3  
  117  10:31  Widow Mine x2  
  117  10:34  Medivac x2  
  128  10:39  Engineering Bay  
  128  10:41  Marauder  
  130  10:47  Refinery  
  130  10:48  Command Center, Ghost x2, Refinery, Marine x2  
  130  10:49  Marine x2, Supply Depot  
  138  10:56  Widow Mine x2  
  142  10:58  SCV  
  143  11:04  Marauder  
  143  11:08  SCV x2  
  143  11:10  SCV  
  144  11:17  Marauder x2  
  148  11:18  Marine x2  
  148  11:19  Marine  
  148  11:20  Medivac x2  
  148  11:21  Widow Mine x2  
  159  11:29  Bunker  
  159  11:30  Ghost  
  159  11:31  Marine  
  162  11:36  Marine  
  162  11:38  SCV x2  
  162  11:39  SCV  
  163  11:41  Marine  
  163  11:42  Marine, Marauder x2  
  163  11:43  Terran Infantry Weapons Level 3  
  166  11:49  Marine  
  166  11:53  Widow Mine x2  
  171  11:54  Marine  
  172  12:06  Marine x2, Marauder  
  172  12:07  Marauder x2, Marine  
  181  12:12  Marine  
  182  12:20  Viking x2  
  184  12:27  Bunker  
  184  12:29  SCV x3  
  187  12:30  Missile Turret  
  187  12:33  Marine  
  187  12:34  Marauder x3, Marine x2  
  196  12:50  Terran Infantry Armor Level 2  
  196  12:52  Marine  
  196  12:55  Barracks  
  196  12:56  Marauder  
  196  12:57  Barracks x2  
  196  13:01  Planetary Fortress  
  191  13:12  Marine x4, Marauder x2  
  189  13:16  Medivac  
  189  13:17  Marauder  
  191  13:21  SCV x3  
  194  13:30  Marine x2  
  196  13:36  Supply Depot  
  196  13:38  Marine x2  
  196  13:39  Marine, Medivac  
  160  13:49  Marine, Marauder x2  
  160  13:51  Widow Mine x2  
  160  13:52  Medivac  
  160  13:54  Marine  
  162  13:56  Marine, Marauder  
  165  14:03  Marine  
  165  14:04  Barracks Tech Lab x3  
  165  14:07  Marine  
  165  14:09  Medivac  
  169  14:10  Marine  
  169  14:12  Widow Mine x2  
  169  14:19  Marauder x2, Marine x2  
  169  14:23  Marauder  
  155  14:26  Marauder  
  155  14:29  Marauder  
  155  14:31  Marine  
  154  14:38  Marine, Marauder  
  154  14:39  Marine x2  
  154  14:40  Marauder, Marine  
  154  14:41  Widow Mine x2  
  154  14:43  Liberator x2  
  154  14:44  Marine  
  167  14:47  Marine  
  167  14:49  Marine x2  
  170  14:56  Marine  
  170  14:59  Marauder  
  172  15:00  Marauder  
  172  15:01  Marine x2, Marauder  
  172  15:02  Marauder  
  172  15:05  Marauder  
  177  15:07  Marine x2  
  179  15:14  Marine  
Tags
 
Add a new tag
Caveats
  • Supply blocks, unpowered buildings, or Contaminate may cause inaccurate times.
  • Supply counts are checked every 10 seconds.